 Dungeon Crawl Stone Soup version 0.31-a0-656-gb4d89c20fa (webtiles) character file.

Game seed: 1733404392019326039

961 Maratek the Chopper (level 7, 0/61 HPs)
             Began as a Green Draconian Fighter on Aug 30, 2023.
             Slain by a killer bee (4 damage)
             ... on level 5 of the Dungeon.
             The game lasted 00:07:45 (5084 turns).

Maratek the Chopper (Green Draconian Fighter)       Turns: 5084, Time: 00:07:45

Health: 0/61       AC: 10    Str: 20    XL:     7   Next: 92%
Magic:  7/7        EV: 13    Int:  8    God:
Gold:   333        SH:  0    Dex: 11    Spells: 6/6 levels left

rFire   . . .        w - +4 quarterstaff (chaos)
rCold   . . .        (shield currently unavailable)
rNeg    . . .        (body armour unavailable)
rPois   +            (helmet restricted)
rElec   .            x - +0 cloak
rCorr   .            q - +0 pair of gloves
SInv    .            r - +1 pair of boots
Will    .....        s - amulet of magic regeneration
Stlth   ++           m - ring of wizardry
HPRegen 0.30/turn    (no ring)
MPRegen 0.50/turn

%: wizardry (x1)
@: lethally poisoned (0 -> -3)
A: breathe noxious fumes, AC +6, unfitting armour, poison resistance,
cold-blooded
a: Breathe Noxious Fumes


You were on level 5 of the Dungeon.
You visited 1 branch of the dungeon, and saw 5 of its levels.
You also visited: Sewer.

You collected 333 gold pieces.

Inventory:

Hand Weapons
 w - a +4 quarterstaff of chaos (weapon)
Armour
 q - a +0 pair of gloves (worn)
 r - a +1 pair of boots (worn)
 x - a +0 cloak (worn)
Jewellery
 m - a ring of wizardry (left hand)
 s - an amulet of magic regeneration (around neck)
Scrolls
 d - 3 scrolls of noise
 g - 3 scrolls of identify {unknown}
 h - a scroll of poison {unknown}
 j - 2 scrolls of vulnerability {unknown}
 n - a scroll of revelation {unknown}
 o - a scroll of teleportation {unknown}
 p - a scroll of butterflies {unknown}
Potions
 a - a potion of attraction {unknown}
 c - a potion of might
 e - 8 potions of enlightenment
 f - a potion of curing {unknown}
 i - 3 potions of lignification {unknown}
 k - a potion of ambrosia {unknown}
 l - 2 potions of heal wounds {unknown}
 t - a potion of mutation {unknown}
 u - a potion of brilliance {unknown}
 v - 2 potions of berserk rage {unknown}


   Skills:
 + Level 5.0 Fighting
 + Level 6.7 Axes
 + Level 0.4 Staves
 + Level 4.3 Dodging
 + Level 2.1 Stealth
 + Level 4.1 Shields


You had 6 spell levels left.
You didn't know any spells.
Your spell library contained the following spells:

 Spells                   Type           Power      Damage    Failure   Level
 Leda's Liquefaction      Hex/Erth       0%         N/A       83%         4
 Lee's Rapid Deconstruct  Erth           0%         3d4*      99%         5
 Leda's Unmaking          Conj/Erth      0%         9d1       100%        6


Dungeon Overview and Level Annotations

Branches:
Dungeon (5/15)              Sewer (visited)
 Temple: D:4-7

Altars:
Cheibriados
Fedhas
Qazlal
Uskayaw

Annotations:
D:3 1 runed translucent door, Reshi88's ghost, amateur FoFi


Innate Abilities, Weirdness & Mutations

You can breathe blasts of noxious fumes.
Your lurid green scales are hard. (AC +6)
You cannot fit into any form of body armour.
Your system is resistant to poisons. (rPois)
You are cold-blooded and may be slowed by cold attacks.


Message History

A killer bee comes into view.
The killer bee closely misses you.
You miss the killer bee.
The killer bee buzzes angrily. x2
The killer bee barely misses you. The killer bee stings you!
The killer bee stings you but does no damage.
You miss the killer bee.
The killer bee stings you but does no damage.
The killer bee barely misses you. The killer bee closely misses you.
The killer bee stings you.
You miss the killer bee.
Your tail-slap misses the killer bee.
The killer bee misses you. The killer bee stings you.
You are poisoned.
The killer bee poisons you! The killer bee barely misses you.
The killer bee misses you. x2; The killer bee barely misses you.
You thump the killer bee!
The killer bee seems to grow stronger.
The killer bee is heavily wounded.
You feel very sick. The killer bee stings you!
The killer bee stings you but does no damage.
The killer bee barely misses you. The killer bee stings you.
The killer bee barely misses you. The killer bee stings you!
* * * LOW HITPOINT WARNING * * *
The killer bee stings you.
* * * LOW HITPOINT WARNING * * *
The killer bee stings you but does no damage.
The killer bee stings you.
* * * LOW HITPOINT WARNING * * *
You are too injured to fight recklessly!
Unknown command.
You are too injured to fight recklessly!
Unknown command.
You are too injured to fight recklessly!
Unknown command.
You are too injured to fight recklessly!
You closely miss the killer bee.
Your tail-slap misses the killer bee.
You feel sick. The killer bee stings you.
* * * LOW HITPOINT WARNING * * *
The killer bee stings you.
You die...

.... .. ... ... ...
...#####.######..#...
..[..................
.....................
...>.................
.....................
..........y..........
.........@y..........
..........y..$...$...
.....................
$.......†..........##
........##..######.#
#... ##.......))## #
#... ##......).# #..
#... #........###.#
##... ##.......###..#
#..).


You could see 3 killer bees.

Vanquished Creatures
  Eustachio (D:4)
  2 ogres
  A scorpion (D:4)
  5 hounds
  Crazy Yiuf (D:4)
  2 orc priests
  An iguana (D:4)
  5 gnolls (D:4)
  14 adders
  3 river rats (Sewer)
  An ufetubus (D:5)
  2 worms
  2 dart slugs
  11 orcs
  11 ball pythons
  16 bats
  5 endoplasms
  7 giant cockroaches
  4 hobgoblins
  10 jackals
  7 quokkas
  8 frilled lizards
  7 goblins
  4 kobolds
  7 rats
137 creatures vanquished.

Notes
Turn   | Place    | Note
-------+----------+-------------------------------------------
     0 | D:1      | Maratek the Draconian Fighter began the quest for the Orb.
     0 | D:1      | Reached XP level 1. HP: 19/19 MP: 1/1
   151 | D:1      | Reached XP level 2. HP: 19/26 MP: 2/2
  1037 | D:2      | Reached XP level 3. HP: 27/31 MP: 3/3
  1184 | D:2      | Reached skill level 3 in Axes
  1741 | D:3      | Reached XP level 4. HP: 35/40 MP: 4/4
  1849 | D:3      | Noticed an ogre
  1851 | D:3      | Found a runed translucent door.
  1857 | D:3      | Killed an ogre
  1858 | D:3      | Reached skill level 4 in Axes
  1858 | D:3      | Reached skill level 1 in Stealth
  1858 | D:3      | Reached XP level 5. HP: 13/46 MP: 5/5
  2021 | D:3      | Noticed Reshi88's ghost (amateur FoFi)
  2153 | D:3      | Found a glowing drain.
  2179 | Sewer    | Entered a sewer
  2674 | Sewer    | Reached XP level 6. HP: 46/52 MP: 6/6
  2678 | Sewer    | Reached skill level 5 in Axes
  3241 | D:3      | Found a blossoming altar of Fedhas.
  3241 | D:3      | Found a snail-covered altar of Cheibriados.
  3547 | D:4      | Noticed Eustachio
  3560 | D:4      | Killed Eustachio
  3752 | D:4      | Found a hide-covered altar of Uskayaw.
  3847 | D:4      | Found a runed translucent door.
  3848 | D:4      | Noticed Crazy Yiuf
  3914 | D:4      | Your scales start taking on a lurid green colour.
  3914 | D:4      | Reached XP level 7. HP: 33/60 MP: 7/7
  3914 | D:4      | Gained mutation: Your system is resistant to poisons.
                  | (rPois) [Green Draconian growth]
  4339 | D:4      | Reached skill level 6 in Axes
  4675 | D:4      | Found a stormy altar of Qazlal.
  4839 | D:4      | Killed Crazy Yiuf
  4917 | D:5      | Entered Level 5 of the Dungeon
  4953 | D:5      | Reached skill level 5 in Fighting
  5084 | D:5      | Slain by a killer bee

Illustrated notes

Levels and vault maps discovered:
D:1:      shiori_arrival_maze, layout_basic, chequers_serial_rivers_micro_e,
          serial_bayou_lake_a
D:2:      layout_basic
D:3:      layout_rooms, nicolae_overflow_two_pavilions, portal_sewer_entry_f,
          ebering_ghost_sewer_d, dk_noncrumbling_4
D:4:      layout_rooms, lemuel_crystal_altar, mainiacjoe_overflow_24_doors,
          dreamdust_gnoll_farm, uniq_eustachio, uniq_crazy_yiuf_cottage
D:5:      layout_rooms, vehumet_altar_wand_db, minmay_hedge_maze,
          interstate_on_off

Skill      XL: |  1  2  3  4  5  6  7 |
---------------+----------------------+-----
Dodging        | 3 4 |  4.3
Axes           | 3 4 5 6 |  6.7
Stealth        | 1 2 |  2.1
Fighting       | 4 5 |  5.0
Shields        | 4 |  4.1
Staves         | |  0.4

Action                     |  1- 3 |  4- 6 |  7- 9 || total
---------------------------+-------+-------+-------++-------
  Melee: War axe           |   108 |   253 |    47 ||   408
         Tailslap          |     6 |    30 |     7 ||    43
         Quarterstaff      |       |       |    38 ||    38
Ability: Breathe Noxious F |       |       |     4 ||     4
   Stab: Sleeping          |     2 |     2 |       ||     4
         Confused          |       |       |     1 ||     1
         Paralysed         |       |       |     1 ||     1
 Armour: Skin              |    40 |   146 |    31 ||   217
  Dodge: Dodged            |    71 |   263 |    75 ||   409
  Block: Buckler           |    25 |    92 |     8 ||   125

Table legend: (Time is in decaauts)
 A = Elapsed time spent in this place.
 B = Non-inter-level travel time spent in this place.
 C = Inter-level travel time spent in this place.
 D = Time resting spent in this place.
 E = Time spent auto-exploring this place.
 F = Levels seen in this place.
 G = Mean time per level.
                   A        B        C        D        E       F      G
               +--------+--------+--------+--------+--------+-----+--------+
         Total |   5457 |   5351 |    106 |    926 |   3221 |   6 |  909.5 |
       Dungeon |   4234 |   4128 |    106 |    724 |   2616 |   5 |  846.8 |
         Sewer |   1223 |   1223 |      0 |    202 |    605 |   1 | 1223.0 |
               +--------+--------+--------+--------+--------+-----+--------+

Top non-repeatable levels by time:
     D:4: 1417 daAuts
   Sewer: 1223 daAuts
     D:1: 1106 daAuts
     D:3: 800 daAuts
     D:2: 732 daAuts
     D:5: 177 daAuts
